[Event "ICC tourney 1955 (60 10)"]
[Site "Internet Chess Club"]
[Date "2020.08.07"]
[Round "2"]
[White "smilingfloor"]
[Black "cwelch231"]
[Result "1-0"]
[ICCResult "Black checkmated"]
[WhiteElo "1943"]
[BlackElo "1685"]
[Opening "Ruy Lopez: closed, Breyer, Borisenko variation"]
[ECO "C95"]
[NIC "RL.25"]
[Time "15:37:54"]
[TimeControl "3600+10"]

1. e4 e5 2. Nf3 Nc6 3. Bb5 a6 4. Ba4 Nf6 5. O-O Be7 6. Re1 b5 7. Bb3 d6 8.
c3 O-O 9. h3 Nb8 10. d4 Nbd7 11. Nbd2 Bb7 12. Bc2 Re8 13. Nf1 Bf8 14. Ng3 g6
15. Bd2 Nb6 16. b3 a5 17. Qc1 a4 18. b4 a3 19. Bh6 Bg7 20. Bxg7 Kxg7 21. Qg5
Nfd7 22. Qc1 Nc4 23. Bb3 Ndb6 24. Qc2 Rc8 25. Rad1 Nb2 26. Rb1 c5 27. bxc5
dxc5 28. Qe2 c4 29. Bc2 exd4 30. cxd4 Rc7 31. Qd2 c3 32. Qf4 Rce7 33. Nh4
Re6 34. e5 Nd5 35. Qg4 Nb4 36. Bb3 Bd5 37. Bxd5 Qxd5 38. Nh5+ Kh8 39. Nf6
Qd8 40. Nxe8 Rxe8 41. Nf3 c2 42. Ra1 N4d3 43. Ng5 Qe7 44. Rec1 Nxc1 45. Rxc1
Rc8 46. Qxc8+ Kg7 47. Ne4 Qh4 48. Qxc2 b4 49. Re1 Qd8 50. Nd6 Qb6 51. Qb3
Qxd4 52. Qxf7+ Kh6 53. Qf8+ Kh5 54. g4+ Kg5 55. Qf6+ Kh6 56. Nf7#
{Black checkmated}
1-0

[Event "ICC tourney 1955 (60 10)"]
[Site "Internet Chess Club"]
[Date "2020.08.07"]
[Round "2"]
[White "mikoyansuren"]
[Black "aquilesboy"]
[Result "1/2-1/2"]
[ICCResult "Game drawn by repetition"]
[WhiteElo "1837"]
[BlackElo "1951"]
[Opening "QGD: 4.Bg5 Be7, 5.e3 O-O"]
[ECO "D53"]
[NIC "QP.07"]
[Time "15:37:17"]
[TimeControl "3600+10"]

1. d4 Nf6 2. Bg5 d5 3. e3 e6 4. c4 Be7 5. Nc3 O-O 6. c5 b6 7. b4 a5 8. a3
bxc5 9. bxc5 Ba6 10. Bd3 h6 11. Bh4 Nbd7 12. Nge2 Bxd3 13. Qxd3 Nh5 14. Bxe7
Qxe7 15. O-O c6 16. Na4 Rfb8 17. Rfb1 Qd8 18. Ra2 Nhf6 19. Rab2 Rxb2 20.
Rxb2 Qc7 21. Nec3 e5 22. Nb6 Ra7 23. Nca4 e4 24. Qe2 Kh7 25. Nxd7 Nxd7 26.
Nb6 Nf6 27. h3 Kg8 28. Rb3 Kh7 29. Na4 Nd7 30. Qb2 Kg8 31. Nb6 Nf8 32. Qb1
f5 33. Qc2 Ne6 34. Qb2 Kh7 35. Na4 Nd8 36. Rb6 Ne6 37. Rb8 f4 38. Qb6 fxe3
39. fxe3 Qg3 40. Qxa7 Qxe3+ 41. Kh1 Qc1+ 42. Kh2 Qf4+ 43. Kh1 Qf1+ 44. Kh2
Qf4+ 45. Kh1 Qf1+ 46. Kh2 Qf4+ 47. Kh1 Qf1+ {Game drawn by repetition}
1/2-1/2

[Event "ICC tourney 1955 (60 10)"]
[Site "Internet Chess Club"]
[Date "2020.08.07"]
[Round "2"]
[White "ImmorTalChamp"]
[Black "GenerousSW"]
[Result "0-1"]
[ICCResult "White checkmated"]
[WhiteElo "1757"]
[BlackElo "2000"]
[Opening "Sicilian"]
[ECO "B56"]
[NIC "SI.25"]
[Time "15:37:37"]
[TimeControl "3600+10"]

1. e4 c5 2. Nf3 d6 3. d4 cxd4 4. Nxd4 Nf6 5. Nc3 Nc6 6. Be3 Ng4 7. Bg5 Qb6
8. Nce2 e5 9. Nxc6 Qxf2+ 10. Kd2 bxc6 11. h3 Nf6 12. Bxf6 Qxf6 13. c3 Rb8
14. Kc2 Qd8 15. Ng3 Be6 16. b3 Qb6 17. Qd2 Be7 18. Rb1 O-O 19. Bd3 d5 20.
Rhf1 Rfd8 21. Qf2 Qxf2+ 22. Rxf2 Bh4 23. Rf3 Bxg3 24. Rxg3 Rd7 25. Re1 f6
26. Rd1 Rbd8 27. Re3 d4 28. Ree1 dxc3 29. Kxc3 Rd4 30. Bc2 c5 31. Bd3 Kf8
32. Be2 Ke7 33. Rxd4 cxd4+ 34. Kd2 Rc8 35. Rc1 Rxc1 36. Kxc1 Kd6 37. Kd2 Kc5
38. Kc2 Kb4 39. Kb2 Bd7 40. a3+ Kc5 41. Kc2 Bb5 42. Bxb5 Kxb5 43. g4 g6 44.
Kd3 Kc5 45. Kc2 Kd6 46. Kd3 Ke6 47. b4 Kd6 48. a4 Ke6 49. Kc4 f5 50. gxf5+
gxf5 51. exf5+ Kxf5 52. b5 Ke6 53. a5 Kd6 54. Kb4 d3 55. b6 axb6 56. axb6
Kc6 57. Kc3 e4 58. b7 Kxb7 59. h4 h5 60. Kd2 Kc6 61. Ke3 Kd5 62. Kd2 Kd4 63.
Ke1 e3 64. Kd1 Kc3 65. Ke1 Kc2 66. Kf1 d2 67. Kg2 d1=Q 68. Kh2 Qg4 69. Kh1
Kd2 70. Kh2 Ke2 71. Kh1 Kf2 72. Kh2 Qxh4# {White checkmated} 0-1

[Event "ICC tourney 1955 (60 10)"]
[Site "Internet Chess Club"]
[Date "2020.08.07"]
[Round "2"]
[White "Adhvaith0406"]
[Black "adchess"]
[Result "0-1"]
[ICCResult "White checkmated"]
[WhiteElo "1974"]
[BlackElo "1813"]
[Opening "Ruy Lopez: ...b5 & ...d6"]
[ECO "C78"]
[NIC "RL.12"]
[Time "15:37:17"]
[TimeControl "3600+10"]

1. e4 e5 2. Nf3 Nc6 3. Bb5 a6 4. Ba4 Nf6 5. O-O b5 6. Bb3 d6 7. Ng5 d5 8.
exd5 Nd4 9. d3 Nxd5 10. Nc3 c6 11. Re1 f6 12. Nge4 Be6 13. f4 Nxf4 14. Bxf4
exf4 15. Bxe6 Nxe6 16. Qg4 Kf7 17. Ne2 Bd6 18. Nxd6+ Qxd6 19. Rf1 g5 20.
Rae1 h5 21. Qf5 Ng7 22. Qe4 Rae8 23. Qf3 Qc5+ 24. Kh1 Qxc2 25. Nd4 Qxb2 26.
Nxc6 Rxe1 27. Rxe1 Re8 28. Rf1 Qxa2 29. Nb4 Qe2 30. Qxe2 Rxe2 31. Nxa6 Nf5
32. Rb1 Ne3 33. g3 f3 34. h4 f2 35. hxg5 Re1+ 36. Kh2 f1=Q 37. Rxe1 Qg2#
{White checkmated}
0-1

[Event "ICC tourney 1955 (60 10)"]
[Site "Internet Chess Club"]
[Date "2020.08.07"]
[Round "2"]
[White "Yucheng"]
[Black "firewoods"]
[Result "0-1"]
[ICCResult "White resigns"]
[WhiteElo "1853"]
[BlackElo "2182"]
[Opening "QGD semi-Slav: Meran variation"]
[ECO "D47"]
[NIC "SL.09"]
[Time "15:38:25"]
[TimeControl "3600+10"]

1. d4 d5 2. c4 e6 3. Nc3 c6 4. e3 Nf6 5. Nf3 Nbd7 6. Bd3 dxc4 7. Bxc4 b5 8.
Bd3 Bd6 9. O-O O-O 10. Ne4 Nxe4 11. Bxe4 Bb7 12. Bd2 Nf6 13. Bd3 c5 14. Bxb5
Qb8 15. Be2 cxd4 16. exd4 Bd5 17. Bc3 Ne4 18. h3 Rc8 19. Nd2 Nxc3 20. bxc3
Rxc3 21. Nf3 Qb2 22. Ne5 Rd8 23. Bf3 Bxa2 24. Qe2 Rc2 25. Qa6 Qxd4 26. Nc6
Qf4 27. g3 Qxf3 28. Nd4 Bc4 29. Qa5 Qa8 30. Nxc2 Bxf1 31. Rxf1 Rc8 32. Ne3
Bc5 33. Nc2 Qf3 34. Qa6 Qxg3+ {White resigns} 0-1

[Event "ICC tourney 1955 (60 10)"]
[Site "Internet Chess Club"]
[Date "2020.08.07"]
[Round "2"]
[White "Kokoro"]
[Black "ryanwang"]
[Result "0-1"]
[ICCResult "White resigns"]
[WhiteElo "2128"]
[BlackElo "1864"]
[Opening "English: Bremen, Smyslov system"]
[ECO "A22"]
[NIC "EO.10"]
[Time "15:38:25"]
[TimeControl "3600+10"]

1. c4 e5 2. Nc3 Nf6 3. g3 Bb4 4. Bg2 Nc6 5. e3 O-O 6. Nge2 Re8 7. d3 Bf8 8.
O-O d6 9. h3 Be6 10. e4 Nd7 11. f4 exf4 12. Nxf4 Nd4 13. Be3 c5 14. Qd2 Nc6
15. Qf2 Nde5 16. Rad1 Qe7 17. Ncd5 Qd7 18. b3 Ng6 19. Nh5 Bxd5 20. exd5 Nce5
21. Kh2 b5 22. Be4 bxc4 23. Bf5 Qe7 24. dxc4 Nf3+ 25. Qxf3 Qxe3 26. Bxg6
fxg6 27. Qf7+ Kh8 28. Rfe1 Qxe1 29. Rxe1 Rxe1 30. Nf4 Re7 31. Nxg6+ hxg6 32.
Qxg6 Re2+ 33. Kg1 Rae8 34. g4 Kg8 35. Kf1 R8e3 36. g5 Rxa2 37. Qf5 Ree2 38.
Qg4 Rf2+ 39. Ke1 Rfb2 40. Qd1 Rh2 41. Qf3 Ra1+ 42. Qd1 Rh1+ 43. Ke2 Raxd1
44. Kf3 Rxh3+ 45. Kg4 Rxb3 46. Kf5 a5 47. Kg6 a4 {White resigns} 0-1

[Event "ICC tourney 1955 (60 10)"]
[Site "Internet Chess Club"]
[Date "2020.08.07"]
[Round "2"]
[White "pianopro32"]
[Black "rockinroll"]
[Result "1/2-1/2"]
[ICCResult "Game drawn by mutual agreement"]
[WhiteElo "1966"]
[BlackElo "1818"]
[Opening "Scandinavian (center counter) defense"]
[ECO "B01"]
[NIC "VO.17"]
[Time "15:37:24"]
[TimeControl "3600+10"]

1. e4 d5 2. exd5 Qxd5 3. Nf3 Nc6 4. d4 Bg4 5. Be2 O-O-O 6. Be3 e5 7. dxe5
Bxf3 8. Bxf3 Qa5+ 9. Nd2 Nxe5 10. O-O Nf6 11. Qe2 c6 12. Nc4 Nxc4 13. Qxc4
Nd5 14. Rad1 Nxe3 15. Rxd8+ Qxd8 16. fxe3 Qe8 17. Qf4 h5 18. g4 g6 19. gxh5
Bh6 20. Qg3 gxh5 21. Bg2 Qxe3+ 22. Qxe3 Bxe3+ 23. Kh1 Rf8 24. Re1 Bg5 25.
Bf3 h4 26. Kg2 Rd8 27. Kh3 Rd2 28. Re2 Rxe2 29. Bxe2 Kc7 30. Kg4 f6 31. Kf5
Kd6 32. a4 Kc5 33. b3 a5 34. c4 Kd4 35. h3 Ke3 36. Bd1 b6 37. Ke6 Kf4 38.
Bg4 Ke4 {Game drawn by mutual agreement} 1/2-1/2

[Event "ICC tourney 1955 (60 10)"]
[Site "Internet Chess Club"]
[Date "2020.08.07"]
[Round "2"]
[White "JadenShaw"]
[Black "adorablehill"]
[Result "0-1"]
[ICCResult "White resigns"]
[WhiteElo "1728"]
[BlackElo "1862"]
[Opening "Ruy Lopez: fianchetto (Smyslov/Barnes) defense"]
[ECO "C60"]
[NIC "RL.03"]
[Time "15:38:43"]
[TimeControl "3600+10"]

1. e4 e5 2. Nf3 Nc6 3. Bb5 g6 4. Nc3 Bg7 5. O-O a6 6. Ba4 d6 7. h3 Nf6 8. d4
Bd7 9. Bxc6 Bxc6 10. Bg5 exd4 11. Nxd4 Bd7 12. f4 h6 13. Bh4 Qc8 14. Bxf6
Bxf6 15. Nd5 Qd8 16. e5 dxe5 17. fxe5 Bg7 18. e6 Bxe6 19. Nxe6 fxe6 20. Qg4
Qxd5 21. Qxg6+ Kd7 22. Qxg7+ Kc6 23. Qc3+ Kb6 24. Rad1 Qg5 25. Rfe1 Rhg8 26.
Rxe6+ Ka7 27. Qd4+ c5 28. Qf2 Raf8 29. Qe2 Qg7 30. c3 Rf6 31. Re7 Rf7 32.
Re3 Rgf8 33. Qc4 Qg5 34. Re2 Rf4 35. Qd5 Rf1+ 36. Kh2 Qf4+ 37. g3 Qf2+
{White resigns}
0-1

[Event "ICC tourney 1955 (60 10)"]
[Site "Internet Chess Club"]
[Date "2020.08.07"]
[Round "2"]
[White "Silhouettes"]
[Black "Joelpaulg"]
[Result "0-1"]
[ICCResult "White resigns"]
[WhiteElo "2190"]
[BlackElo "2065"]
[Opening "Queen's pawn: London system"]
[ECO "A45"]
[NIC "QP.07"]
[Time "15:38:18"]
[TimeControl "3600+10"]

1. d4 Nf6 2. Bf4 c5 3. e3 Nd5 4. Bg3 Qb6 5. dxc5 Qxb2 6. Qxd5 Qxa1 7. Qb3 e6
8. Nf3 Qf6 9. Bd3 Na6 10. Bxa6 bxa6 11. c6 dxc6 12. Qc4 Bb7 13. O-O Qe7 14.
Nbd2 Rd8 15. Rb1 Qd7 16. h3 Be7 17. Ne5 Qc8 18. Ne4 O-O 19. Nd3 c5 20. Nexc5
Rxd3 21. Rxb7 Rd1+ 22. Kh2 Qxc5 {White resigns} 0-1

[Event "ICC tourney 1955 (60 10)"]
[Site "Internet Chess Club"]
[Date "2020.08.07"]
[Round "2"]
[White "MateOnF7"]
[Black "i2good4u734"]
[Result "0-1"]
[ICCResult "White checkmated"]
[WhiteElo "1883"]
[BlackElo "2123"]
[Opening "Pirc: classical (two knights) system"]
[ECO "B08"]
[NIC "PU.10"]
[Time "15:46:45"]
[TimeControl "3600+10"]

1. e4 d6 2. d4 Nf6 3. Nc3 g6 4. Nf3 Bg7 5. Bc4 O-O 6. Bg5 Nxe4 7. Nxe4 d5 8.
Bxd5 Qxd5 9. Nc3 Qd6 10. Qd2 c6 11. O-O-O Nd7 12. Rde1 Nf6 13. Ne4 Nxe4 14.
Rxe4 Be6 15. Bh6 Bxa2 16. Bxg7 Kxg7 17. Rh4 h5 18. g4 Bd5 19. Rh3 Bxf3 20.
Rxf3 hxg4 21. Rf4 Rh8 22. Qe3 Rh3 23. Qd2 Rah8 24. Rxg4 Rxh2 25. Rxh2 Rxh2
26. Qe3 Rh1+ 27. Kd2 Qb4+ 28. c3 Qxb2+ 29. Kd3 Qb1+ 30. Kc4 Qb5#
{White checkmated}
0-1

[Event "ICC tourney 1955 (60 10)"]
[Site "Internet Chess Club"]
[Date "2020.08.07"]
[Round "2"]
[White "Singireddy"]
[Black "xyzchessdude"]
[Result "1-0"]
[ICCResult "Black resigns"]
[WhiteElo "2017"]
[BlackElo "2030"]
[Opening "Sicilian: Alapin's variation (2.c3)"]
[ECO "B22"]
[NIC "SI.46"]
[Time "15:38:25"]
[TimeControl "3600+10"]

1. e4 c5 2. c3 d5 3. exd5 Qxd5 4. d4 Nf6 5. Nf3 e6 6. Be3 cxd4 7. cxd4 Be7
8. Nc3 Qd8 9. g3 Nbd7 10. Bg2 Nb6 11. O-O O-O 12. Rc1 Nbd5 13. a3 Nxe3 14.
fxe3 Rb8 15. Qd3 h6 16. Rfd1 Qa5 17. Ne5 Rd8 18. b4 Qb6 19. Nc4 Qc7 20. Nb5
Qd7 21. Nxa7 b5 22. Nxc8 Rdxc8 23. Ne5 Qe8 24. Bc6 Qf8 25. Bxb5 Bd6 26. Nc6
Ra8 27. e4 Bc7 28. Ba6 Re8 29. Bb7 Bb6 30. Bxa8 Rxa8 31. a4 e5 32. a5 Bxd4+
33. Nxd4 exd4 34. Qxd4 h5 35. e5 Ng4 36. Qd6 Qe8 37. Qc6 Nxe5 38. Qxe8+ Rxe8
39. a6 g5 40. b5 g4 41. b6 Nf3+ 42. Kf2 Ng5 43. b7 Nh3+ 44. Kf1 {Black
resigns} 1-0

[Event "ICC tourney 1955 (60 10)"]
[Site "Internet Chess Club"]
[Date "2020.08.07"]
[Round "2"]
[White "sirking2800"]
[Black "raghuraja"]
[Result "1-0"]
[ICCResult "Black resigns"]
[WhiteElo "2012"]
[BlackElo "1769"]
[Opening "Sicilian: Najdorf, Opocensky variation"]
[ECO "B92"]
[NIC "SI.10"]
[Time "15:38:26"]
[TimeControl "3600+10"]

1. e4 c5 2. Nf3 d6 3. d4 cxd4 4. Nxd4 Nf6 5. Nc3 a6 6. Be2 e5 7. Nb3 Be6 8.
O-O Be7 9. Kh1 Nbd7 10. f4 Qc7 11. f5 Bc4 12. Bxc4 Qxc4 13. Qf3 O-O 14. Bd2
b5 15. a3 Nb6 16. Qg3 Rfe8 17. Bh6 Bf8 18. Bg5 Nbd7 19. Nd2 Qc7 20. Qh4 h6
21. Be3 Nh7 22. Rf3 f6 23. Qg3 Kh8 24. h4 Nc5 25. Qg6 Reb8 26. Rg3 Rb7 27.
Bxh6 Qf7 28. Be3 Rc8 29. b4 Nb3 30. Nxb3 Rxc3 31. Na5 Rbc7 32. Qxf7 Rxf7 33.
Ra2 Rfc7 34. Kh2 Rxc2 35. Rxc2 Rxc2 36. Bb6 Be7 37. Rd3 Nf8 38. Nb7 Rc6 39.
Bd8 Bxd8 40. Nxd8 Rc8 41. Rxd6 Ra8 42. Nb7 Kg8 43. Nc5 a5 44. Rb6 axb4 45.
axb4 Ra7 46. Rxb5 Kf7 47. Rb7+ Rxb7 48. Nxb7 Ke7 49. Kg3 Kd7 50. Nc5+ Kc6
51. Kg4 Kb5 52. Ne6 Nd7 53. Nxg7 Kxb4 54. Kh5 Kc4 55. Kg6 Kd4 56. Kf7 Kxe4
57. h5 Kd3 58. h6 e4 59. h7 e3 60. h8=Q e2 61. Qh1 Kd2 62. Ne8 e1=Q 63.
Qxe1+ Kxe1 64. Nxf6 Ne5+ 65. Ke6 Nd3 66. g4 Kf2 67. g5 Kf3 68. g6 Nf4+ 69.
Kf7 Nh3 70. g7 {Black resigns} 1-0

[Event "ICC tourney 1955 (60 10)"]
[Site "Internet Chess Club"]
[Date "2020.08.07"]
[Round "2"]
[White "gitb98"]
[Black "icyblizzard"]
[Result "1-0"]
[ICCResult "Black resigns"]
[WhiteElo "2058"]
[BlackElo "2104"]
[Opening "Neo-Grünfeld, 5.cd, main line"]
[ECO "D72"]
[NIC "KI.80"]
[Time "15:37:49"]
[TimeControl "3600+10"]

1. d4 Nf6 2. c4 g6 3. g3 Bg7 4. Bg2 d5 5. cxd5 Nxd5 6. e4 Nb6 7. Ne2 O-O 8.
O-O c5 9. dxc5 N6d7 10. Qc2 Na6 11. Be3 Nb4 12. Qb3 Nc6 13. Na3 Nde5 14.
Rfd1 Qa5 15. h3 Be6 16. Qb5 Rfc8 17. Nd4 Qxb5 18. Naxb5 Nxd4 19. Bxd4 a6 20.
Nc3 Nc4 21. Bxg7 Kxg7 22. b3 Na3 23. Na4 Rc7 24. f4 Rb8 25. Rac1 Bd7 26. Nb6
Bc6 27. e5 Bxg2 28. Kxg2 Nb5 29. a4 Na7 30. b4 Re8 31. Kf3 f6 32. e6 f5 33.
Rd7 Rxd7 34. exd7 Rd8 35. Rc4 Kf7 36. Ke3 e6 37. g4 Ke7 38. g5 Rh8 39. h4
Rd8 40. Kd3 Rf8 41. Kc3 Rd8 42. Rd4 Nc6 43. Rd6 Nb8 44. Kd4 Nxd7 45. Nxd7
Rxd7 46. Rxd7+ Kxd7 47. Ke5 Kc6 48. Kxe6 a5 49. bxa5 Kxc5 50. Kf6 Kb4 51.
Kg7 Kxa5 52. Kxh7 Kxa4 53. Kxg6 b5 54. h5 b4 55. h6 b3 56. h7 b2 57. h8=Q
b1=Q 58. Qa8+ Kb3 59. Qb7+ Ka2 60. Qxb1+ Kxb1 61. Kxf5 {Black resigns} 1-0

[Event "ICC tourney 1955 (60 10)"]
[Site "Internet Chess Club"]
[Date "2020.08.07"]
[Round "2"]
[White "Zuiopal"]
[Black "Mengocat"]
[Result "0-1"]
[ICCResult "White checkmated"]
[WhiteElo "1720"]
[BlackElo "1924"]
[Opening "QGD: exchange, positional line"]
[ECO "D35"]
[NIC "QO.16"]
[Time "15:38:03"]
[TimeControl "3600+10"]

1. d4 d5 2. c4 e6 3. Nc3 Nf6 4. cxd5 exd5 5. Bg5 Be7 6. e3 Nbd7 7. Bd3 c6 8.
Qc2 O-O 9. Nge2 Re8 10. O-O Nf8 11. Rad1 Be6 12. f3 Rc8 13. e4 dxe4 14. fxe4
Ng4 15. Bc1 Bg5 16. Rf3 Bxc1 17. Qxc1 Ng6 18. h3 Nf6 19. e5 Nd5 20. Bxg6
hxg6 21. Ne4 Rc7 22. Nd6 Rf8 23. Rdf1 b6 24. Nf4 Nxf4 25. Qxf4 c5 26. dxc5
bxc5 27. Rd1 Qb8 28. b3 Rd8 29. Rdf1 Rcd7 30. Qg5 a5 31. Ne4 c4 32. Nf6+
gxf6 33. exf6 Qb4 34. Rf4 Rd1 35. h4 Rxf1+ 36. Kxf1 Rd1+ 37. Kf2 Qe1+ 38.
Kf3 Rd3# {White checkmated} 0-1

[Event "ICC tourney 1955 (60 10)"]
[Site "Internet Chess Club"]
[Date "2020.08.07"]
[Round "2"]
[White "advaith06"]
[Black "IndianTerritory"]
[Result "1/2-1/2"]
[ICCResult "Game drawn by repetition"]
[WhiteElo "2025"]
[BlackElo "1999"]
[Opening "QGD Slav defense: exchange variation"]
[ECO "D10"]
[NIC "SL.01"]
[Time "15:37:50"]
[TimeControl "3600+10"]

1. d4 c6 2. c4 d5 3. cxd5 cxd5 4. Bf4 Nf6 5. Nc3 Nc6 6. e3 Bg4 7. Qb3 Qd7 8.
h3 Bf5 9. Nf3 a6 10. Na4 Na5 11. Qd1 Qd8 12. Bd3 Bxd3 13. Qxd3 e6 14. O-O
Bd6 15. Bxd6 Qxd6 16. Rac1 O-O 17. Rc2 Nc6 18. a3 Rac8 19. Rfc1 Rc7 20. Nc5
Na5 21. Ne5 b5 22. b3 Rfc8 23. Qd2 Qb6 24. Qb4 Nc6 25. Nxc6 Rxc6 26. Na4 Qb7
27. Rxc6 Rxc6 28. Rxc6 Qxc6 29. Qc5 Qd7 30. Nb6 Qd8 31. Qc6 g6 32. Na8 Qa5
33. Qc1 b4 34. a4 Ne4 35. Qc8+ Kg7 36. Nc7 Qb6 37. Qd8 Qc6 38. Ne8+ Kf8 39.
Nd6+ Kg7 40. Ne8+ Kf8 41. Nd6+ Kg7 42. Ne8+ Kf8 43. Nc7+ Kg7 44. Ne8+
{Game drawn by repetition}
1/2-1/2

[Event "ICC tourney 1955 (60 10)"]
[Site "Internet Chess Club"]
[Date "2020.08.07"]
[Round "2"]
[White "mangolamb"]
[Black "harkerchess"]
[Result "0-1"]
[ICCResult "White resigns"]
[WhiteElo "1981"]
[BlackElo "1937"]
[Opening "Ruy Lopez: closed defense"]
[ECO "C84"]
[NIC "RL.13"]
[Time "15:37:49"]
[TimeControl "3600+10"]

1. e4 e5 2. Nf3 Nc6 3. Bb5 a6 4. Ba4 Nf6 5. O-O Be7 6. d3 b5 7. Bb3 d6 8. a3
O-O 9. Nc3 Nb8 10. h3 Nbd7 11. Be3 Bb7 12. Qd2 c6 13. Bg5 Qc7 14. Rae1 Rad8
15. Qc1 Nb6 16. d4 c5 17. d5 Bc8 18. Nh2 Nh5 19. Bxe7 Qxe7 20. Ne2 c4 21.
Ba2 f5 22. f3 f4 23. Qd2 Qh4 24. Ng4 Bxg4 25. fxg4 Nf6 26. Nc3 Nbd7 27. Rf3
g5 28. Qf2 Qxf2+ 29. Kxf2 Kf7 30. Ke2 h5 31. gxh5 Nxh5 32. Kd2 Ke7 33. Nd1
Ndf6 34. b3 cxb3 35. Bxb3 Ng3 36. Nf2 Rc8 37. Rc3 Rxc3 38. Kxc3 a5 39. Kd3
Rb8 40. Rb1 Nd7 41. Re1 Nc5+ 42. Kd2 Kf7 43. Ba2 b4 44. axb4 Rxb4 45. Kc1
Ncxe4 46. Nd1 Nc5 47. Kd2 a4 48. c3 Rb8 49. Kc2 Kf6 50. Nf2 a3 51. Rb1 Rxb1
52. Bxb1 Nf5 53. Ng4+ Ke7 54. c4 Nh4 55. Kc3 Nxg2 56. Kb4 e4 57. Kxa3 e3
{White resigns}
0-1

[Event "ICC tourney 1955 (60 10)"]
[Site "Internet Chess Club"]
[Date "2020.08.07"]
[Round "2"]
[White "kingsac1234"]
[Black "sichuansy"]
[Result "0-1"]
[ICCResult "White resigns"]
[WhiteElo "2040"]
[BlackElo "2031"]
[Opening "Sicilian defense"]
[ECO "B33"]
[NIC "SI.32"]
[Time "15:37:10"]
[TimeControl "3600+10"]

1. e4 c5 2. Nf3 Nc6 3. d4 cxd4 4. Nxd4 Nf6 5. Nxc6 bxc6 6. Bd3 d5 7. e5 Ng8
8. O-O e6 9. Qg4 f5 10. exf6 Nxf6 11. Qh4 Be7 12. Bg5 e5 13. Bg6+ Kd7 14.
Bf5+ Kc7 15. Bd2 Kb7 16. Bxc8+ Rxc8 17. Qa4 Qb6 18. Nc3 Ka8 19. Kh1 Qxb2 20.
a3 Qb6 21. Rab1 Qc7 22. Qa6 Rb8 23. Na4 Nd7 24. Ba5 Qc8 25. Rxb8+ Kxb8 26.
Rb1+ Ka8 27. Qe2 Bd6 28. c4 Bc7 29. Bxc7 Qxc7 30. Qg4 Nf6 31. Qh4 Rb8 32.
Rc1 d4 33. Nc5 Qe7 34. Ne4 Qxa3 35. Re1 Qb4 36. f3 Qxc4 37. Nxf6 gxf6 38.
Qxh7 d3 39. h3 d2 40. Ra1 Qc1+ {White resigns} 0-1

[Event "ICC tourney 1955 (60 10)"]
[Site "Internet Chess Club"]
[Date "2020.08.07"]
[Round "2"]
[White "Javierof"]
[Black "Almanac2050"]
[Result "1-0"]
[ICCResult "Black resigns"]
[WhiteElo "2086"]
[BlackElo "1503"]
[Opening "QGA: 4...e6"]
[ECO "D29"]
[NIC "QG.08"]
[Time "15:57:42"]
[TimeControl "3600+10"]

1. d4 d5 2. c4 dxc4 3. Nf3 Nf6 4. e3 e6 5. Bxc4 a6 6. O-O b5 7. Bb3 c5 8.
Qe2 Nc6 9. Rd1 Qb6 10. a4 b4 11. Nbd2 a5 12. Nc4 Qc7 13. e4 cxd4 14. e5 Nd5
15. Bg5 h6 16. Bh4 Ba6 17. Qe4 g5 18. Bg3 Be7 19. Nd6+ Kf8 20. Bxd5 exd5 21.
Qxd5 Bxd6 22. exd6 {Black resigns} 1-0

[Event "ICC tourney 1955 (60 10)"]
[Site "Internet Chess Club"]
[Date "2020.08.07"]
[Round "2"]
[White "FamilyFork"]
[Black "OneEverest"]
[Result "0-1"]
[ICCResult "White resigns"]
[WhiteElo "1782"]
[BlackElo "2030"]
[Opening "QGD Slav: exchange variation, 6.Bf4 Bf5"]
[ECO "D14"]
[NIC "SL.01"]
[Time "15:37:50"]
[TimeControl "3600+10"]

1. d4 d5 2. c4 c6 3. cxd5 cxd5 4. Nc3 Nc6 5. Nf3 Nf6 6. Bf4 Bf5 7. e3 a6 8.
Bd3 Bxd3 9. Qxd3 e6 10. O-O Be7 11. Ne5 Rc8 12. Rfc1 O-O 13. a3 Nxe5 14.
Bxe5 Nd7 15. Bg3 Nb6 16. b3 Qd7 17. a4 Rc6 18. a5 Nc8 19. Na4 Na7 20. Nc5
Bxc5 21. dxc5 Nb5 22. e4 d4 23. Rc4 f6 24. Bd6 Rd8 25. e5 fxe5 26. Bxe5 Qd5
27. Qg3 Rd7 28. Rac1 Nc3 29. Kf1 Ne4 30. Qd3 Nxc5 31. Qxd4 Nxb3 32. Qxd5
Rxd5 33. Rxc6 bxc6 34. Rxc6 Rxe5 35. f4 Rxa5 36. Rxe6 Kf7 37. Rb6 Nc5 38.
Ke2 Ne6 39. g3 Ra2+ 40. Kd3 a5 41. Rb5 Rxh2 42. Rxa5 Rg2 43. Ke4 Rxg3 44. f5
Nf8 45. Ra7+ Kg8 46. Ke5 Re3+ 47. Kf4 Rd3 48. Ke5 Rd7 49. Ra6 Kf7 50. f6
Ng6+ 51. Kf5 Rd5+ 52. Ke4 Re5+ 53. Kd4 gxf6 54. Ra7+ Re7 55. Ra1 f5 56. Rh1
Kf6 57. Kd3 f4 58. Rh5 f3 59. Rh3 Kg5 60. Kd2 Kg4 61. Rh1 f2 {White resigns}
0-1

[Event "ICC tourney 1955 (60 10)"]
[Site "Internet Chess Club"]
[Date "2020.08.07"]
[Round "2"]
[White "mmchan"]
[Black "RockroyalChess"]
[Result "1/2-1/2"]
[ICCResult "Game drawn by mutual agreement"]
[WhiteElo "1963"]
[BlackElo "1740"]
[Opening "Giuoco Piano"]
[ECO "C50"]
[NIC "IG.02"]
[Time "15:38:25"]
[TimeControl "3600+10"]

1. e4 e5 2. Nf3 Nc6 3. Bc4 Bc5 4. O-O Nf6 5. d3 d6 6. h3 h6 7. c3 O-O 8. Re1
a6 9. Bb3 b5 10. Nbd2 Bb7 11. Nf1 Re8 12. Ng3 d5 13. Qe2 d4 14. Nh4 Bc8 15.
Nhf5 Be6 16. cxd4 Nxd4 17. Nxd4 Bxd4 18. Bxe6 Rxe6 19. Nf5 Bc5 20. Be3 Bxe3
21. Qxe3 Rc8 22. b4 Qf8 23. a3 c5 24. bxc5 Qxc5 25. Rac1 Qf8 26. Rxc8 Qxc8
27. Rc1 Qd7 28. Rc3 Kh7 29. Kh2 Rc6 30. Rxc6 Qxc6 31. Qg3 g6 32. Ne3 Qc5 33.
Qf3 Kg7 34. Qg3 a5 35. Nf5+ Kh7 36. Qh4 Ng8 37. Ne3 Qxa3 38. Qd8 Kg7 39. Qd5
Qb2 40. Ng4 Nf6 41. Nxf6 Kxf6 42. Qd8+ Kg7 43. Qxa5 b4 44. Qb5 Qc3 45. Kg3
b3 46. Kf3 b2 47. g4 Kh7 48. Qd5 Kg8 49. Qb5 Kf8 50. Qb8+ Kg7 51. Qb5 Kf6
52. h4 Qd2 53. g5+ hxg5 54. hxg5+ Kxg5 55. Qxe5+
{Game drawn by mutual agreement}
1/2-1/2

[Event "ICC tourney 1955 (60 10)"]
[Site "Internet Chess Club"]
[Date "2020.08.07"]
[Round "2"]
[White "geowhiz27"]
[Black "albertyao"]
[Result "0-1"]
[ICCResult "White checkmated"]
[WhiteElo "1780"]
[BlackElo "1960"]
[Opening "Sicilian, Chekhover variation"]
[ECO "B53"]
[NIC "SI.02"]
[Time "15:38:10"]
[TimeControl "3600+10"]

1. e4 c5 2. Nf3 d6 3. d4 cxd4 4. Qxd4 Nc6 5. Bb5 Bd7 6. Bxc6 Bxc6 7. c4 Nf6
8. Nc3 Qc7 9. O-O e6 10. b3 Be7 11. Re1 O-O 12. a4 a6 13. Ba3 b6 14. e5 dxe5
15. Nxe5 Bxa3 16. Rxa3 Bb7 17. Raa1 Rfd8 18. Qe3 Rd6 19. Rad1 Rad8 20. b4
Rxd1 21. Rxd1 Rxd1+ 22. Nxd1 Qd6 23. Qd3 Qc7 24. Ne3 h6 25. Qd4 Ne8 26. Nd7
Qd8 27. Ng4 Qg5 28. Nxb6 Qc1+ 29. Qd1 Qxd1# {White checkmated} 0-1

[Event "ICC tourney 1955 (60 10)"]
[Site "Internet Chess Club"]
[Date "2020.08.07"]
[Round "2"]
[White "zappower"]
[Black "SuperPuzzler"]
[Result "0-1"]
[ICCResult "White resigns"]
[WhiteElo "1439"]
[BlackElo "1970"]
[Opening "KGA: Abbazia defense, modern variation"]
[ECO "C31"]
[NIC "KG.04"]
[Time "15:37:30"]
[TimeControl "3600+10"]

1. e4 e5 2. f4 d5 3. exd5 exf4 4. Nf3 Nf6 5. Bc4 Bd6 6. Qe2+ Qe7 7. Qxe7+
Kxe7 8. O-O Nbd7 9. d4 Kf8 10. Nc3 a6 11. Ne2 Nh5 12. Bd3 b5 13. a4 b4 14.
c4 bxc3 15. bxc3 h6 16. c4 g5 17. c5 Be7 18. Rb1 Rg8 19. Nc3 g4 20. Nd2 Nxc5
21. dxc5 Bxc5+ 22. Kh1 Ng3+ 23. hxg3 Rg5 24. Bg6 fxg6 25. Rxf4+ Kg8 26. Nf1
Rh5+ 27. Nh2 Bd6 28. Bd2 g5 29. Rff1 Bxg3 30. Ne4 Rxh2+ 31. Kg1 Be5 32. Nf6+
Kg7 33. Ne8+ Kg6 34. Rbe1 Be6 35. dxe6 Bg3 36. Rf8 Bxe1 37. Bxe1 g3 38. Bxg3
Rh5 39. Rg8+ Kf5 40. Ng7+ Kg6 41. Nxh5+ Rxg8 42. Bxc7 Kxh5 43. e7 Kg6 44.
Kf2 Kf7 45. Bd8 Rg6 46. Kf3 h5 47. Ke4 g4 48. Kf5 Rg8 49. Ke5 h4 50. Kf4 h3
51. Kg3 hxg2 52. Kxg2 g3 53. a5 Ke8 54. Bc7 Kxe7 55. Bxg3 Rg5 56. Kf2 Rxa5
57. Bh4+ Ke6 58. Ke3 Rd5 59. Be1 Kd7 60. Ke4 Kc6 61. Bf2 Rd7 62. Ke5 a5 63.
Bd4 Kb5 64. Ke4 Kc4 65. Bb2 a4 66. Ke5 Rd2 67. Ba3 Rd3 68. Bb2 a3
{White resigns}
0-1